 Dungeon Crawl Stone Soup version 0.28-a0-751-gef3a642a4e (webtiles) character file.

Game seed: 5594824394547403369

630 spiderkeys the Skirmisher (level 7, -2/44 HPs)
             Began as a Gargoyle Abyssal Knight on Oct 31, 2021.
             Was a Follower of Lugonu.
             Slain by a sixfirhy (3 damage)
             ... led by a cacodemon
             ... on level 1 of the Dungeon.
             The game lasted 00:00:53 (98 turns).

spiderkeys the Skirmisher (Gargoyle Abyssal Knight)   Turns: 98, Time: 00:00:53

Health: -2/44      AC:  8    Str: 18    XL:     7   Next: 48%
Magic:  5/10       EV: 11    Int: 11    God:    Lugonu [*.....]
Gold:   54         SH:  0    Dex: 10    Spells: 6/6 levels left

rFire   . . .      SeeInvis .   a - +1 mace
rCold   . . .      Faith    .   (no shield)
rNeg    + . .      Spirit   .   b - +0 leather armour
rPois   ∞          Reflect  .   (no helmet)
rElec   +          Harm     .   (no cloak)
rCorr   .          Rampage  .   (no gloves)
Will    .....                   (no boots)
Stlth   +.........              (no amulet)
HPRegen 0.14/turn               (no ring)
MPRegen 0.12/turn               (no ring)

@: no status effects
A: sickness immunity, AC +4, negative energy resistance 1, electricity
resistance, torment resistance 1, petrification resistance
a: Renounce Religion, Depart the Abyss


You were on level 1 of the Dungeon.
You worshipped Lugonu.
Lugonu was aware of your devotion.
You visited 1 branch of the dungeon, and saw 1 of its levels.
You visited the Abyss 1 time.

You collected 54 gold pieces.


Innate Abilities, Weirdness & Mutations

You are immune to sickness and miasma.
Your stone body is resilient. (AC +4)
You are immune to poison.
You resist negative energy. (rN+)
You are resistant to electric shocks. (rElec)
You are resistant to unholy torment.
You are immune to petrification.


   Skills:
 + Level 5.0 Fighting
 + Level 3.9 Maces & Flails
 + Level 4.3 Armour
 - Level 0.7 Dodging
 + Level 4.2 Invocations
 + Level 2.9 Evocations


You had 6 spell levels left.
You didn't know any spells.
Your spell library contained the following spells:

 Spells                   Type           Power      Damage    Failure   Level
 Blink                    Tloc           0%         N/A       54%         2
 Lesser Beckoning         Tloc           0%         N/A       77%         3
 Manifold Assault         Tloc           0%         N/A       100%        5

Inventory:

Hand Weapons
 a - a +1 mace (weapon)
Armour
 b - a +0 leather armour (worn)
 c - a +0 plate armour
   (You found it on level 2 of the Abyss)
Wands
 e - a wand of iceblast (1)
   (You found it on level 2 of the Abyss)
Scrolls
 f - a scroll of identify {unknown}
Potions
 d - a potion of lignification {unknown}

Dungeon Overview and Level Annotations

Branches:
Dungeon (1/15)

Altars:

#####
#...#
#.3.#
#.@.#
#...#
#...#
##+##


You could see a sixfirhy.


Message History

The iceblast engulfs the small abomination!
You destroy the small abomination!
Your Evocations skill increases to level 1!
You have reached level 2!
You have reached level 3!
Your experience leads to an increase in your attributes!
Increase (S)trength, (I)ntelligence, or (D)exterity?
You feel stronger. 😎 HP[+10] MP[+2]
You now have 24 max hp (+10).
Your hp is fully restored (24).
Your mp is fully restored (4).
Unknown command.
You now have 54 gold pieces (gained 32).
The substance of the Abyss twists violently, and a gateway leading out appears!
A smoke demon comes into view.
Aiming: Iceblast
Press: ? - help, Shift-Dir - straight line The mass of ice explodes!
The iceblast engulfs the smoke demon!
Aiming: Iceblast
Press: ? - help, Shift-Dir - straight line The mass of ice explodes!
The iceblast engulfs the smoke demon!
Aiming: Iceblast
Press: ? - help, Shift-Dir - straight line The mass of ice explodes!
The iceblast engulfs the smoke demon!
Aiming: Iceblast
Press: ? - help, Shift-Dir - straight line, f - smoke demon
Aim: a smoke demon (almost dead)
The mass of ice explodes!
The iceblast engulfs the smoke demon!!
You kill the smoke demon!
Your Fighting skill increases to level 4!
Your Maces & Flails skill increases to level 3!
Your Armour skill increases to level 3!
Your Invocations skill increases to level 3!
Your Evocations skill increases to level 2!
You have reached level 4!
You feel clever.
You have reached level 5!
You have reached level 6!
Your experience leads to an increase in your attributes!
Increase (S)trength, (I)ntelligence, or (D)exterity?
You feel stronger. 😎 HP[+15]
You now have 39 max hp (+15).
Your hp is fully restored (39).
The substance of the Abyss twists violently, and a gateway leading out appears!
A sixfirhy, an orange demon and a cacodemon come into view.
Aiming: Iceblast
Press: ? - help, Shift-Dir - straight line, f - orange demon
Aim: an orange demon (wandering, hasn't noticed you)
The mass of ice explodes!
The iceblast engulfs the orange demon!
The orange demon screeches!
The cacodemon shouts!
You hear a screech!
You hear a shout!
Aiming: Iceblast
Press: ? - help, Shift-Dir - straight line, f/p - orange demon
Aim: an orange demon (moderately wounded)
The mass of ice explodes!
The iceblast engulfs the orange demon!
Aiming: Iceblast
Press: ? - help, Shift-Dir - straight line, f/p - orange demon
Aim: an orange demon (heavily wounded)
The mass of ice explodes!
The iceblast engulfs the orange demon!!
The iceblast engulfs the sixfirhy!
The sixfirhy hits you but does no damage.
The sixfirhy closely misses you.
Aiming: Iceblast
Press: ? - help, Shift-Dir - straight line, f/p - orange demon
Aim: an orange demon (almost dead)
The mass of ice explodes!
The iceblast engulfs the orange demon!
You kill the orange demon!
The sixfirhy hits you! The sixfirhy shocks you. You resist.
The sixfirhy hits you!
* * * LOW HITPOINT WARNING * * *
The sixfirhy shocks you. You resist.
* * * LOW HITPOINT WARNING * * *
An orange demon comes into view.
Your Fighting skill increases to level 5!
Your Armour skill increases to level 4!
Your Invocations skill increases to level 4!
You have reached level 7! 😨 HP[-26]
You now have 44 max hp (+5).
You take 26 damage, and now have 13/44 hp.
MASSIVE DAMAGE!! (PAUSE)
The cacodemon gestures next to the sixfirhy.
Some rock shatters into small pieces.
You pass through the gate.
There is a staircase leading out of the dungeon here. 😨 MP[+1]
Aiming: Iceblast
Press: ? - help, Shift-Dir - straight line The mass of ice explodes!
The iceblast engulfs the sixfirhy!
Aiming: Iceblast
Press: ? - help, Shift-Dir - straight line The mass of ice explodes!
The iceblast engulfs the sixfirhy.
The sixfirhy hits you.
* * * LOW HITPOINT WARNING * * *
The sixfirhy shocks you. You resist.
* * * LOW HITPOINT WARNING * * *
The sixfirhy barely misses you. The sixfirhy hits you.
* * * LOW HITPOINT WARNING * * *
The sixfirhy shocks you. You resist.
You die...

Skill      XL: |  1  2  3  4  5  6 |
---------------+-------------------+-----
Evocations     | 1 2 |  2.9
Fighting       | 4 5 |  5.0
Maces & Flails | 3 |  3.9
Armour         | 3 4 |  4.3
Invocations    | 3 4 |  4.2
Dodging        | |  0.7

Action                   |  1- 3 |  4- 6 |  7- 9 || total
-------------------------+-------+-------+-------++-------
Evoke: Wand              |     6 |     4 |     2 ||    12
Armor: Leather armour    |       |     1 |       ||     1
Dodge: Dodged            |       |     1 |     1 ||     2

Levels and vault maps discovered:
D:1:      dpeg_arrival_rooms_a, layout_rooms,
          hellmonk_ecumenical_altar_inner_sanctum

Notes
Turn   | Place    | Note
-------+----------+-------------------------------------------
     0 | Abyss:1  | spiderkeys the Gargoyle Abyssal Knight began the quest for
                  | the Orb.
     0 | Abyss:1  | Reached XP level 1. HP: 14/14 MP: 2/2
     0 | Abyss:1  | magus.rc [v1.9.10]
    33 | Abyss:2  | You pick up a book of Spatial Translocations and begin
                  | reading...
    33 | Abyss:2  | You add the spells Blink, Lesser Beckoning and Manifold
                  | Assault to your library.
    70 | Abyss:2  | Noticed a small abomination
    72 | Abyss:2  | Killed a small abomination
    73 | Abyss:2  | Reached skill level 1 in Evocations
    73 | Abyss:2  | Reached XP level 2. HP: 20/20 MP: 3/3
    73 | Abyss:2  | Reached XP level 3. HP: 24/24 MP: 4/4
    82 | Abyss:2  | Noticed a smoke demon
    86 | Abyss:2  | Killed a smoke demon
    87 | Abyss:2  | Reached skill level 4 in Fighting
    87 | Abyss:2  | Reached skill level 3 in Maces & Flails
    87 | Abyss:2  | Reached skill level 3 in Armour
    87 | Abyss:2  | Reached skill level 3 in Invocations
    87 | Abyss:2  | Reached skill level 2 in Evocations
    87 | Abyss:2  | Reached XP level 4. HP: 30/30 MP: 4/6
    87 | Abyss:2  | Reached XP level 5. HP: 34/34 MP: 4/7
    87 | Abyss:2  | Reached XP level 6. HP: 39/39 MP: 4/8
    91 | Abyss:2  | Noticed a cacodemon
    91 | Abyss:2  | Noticed a sixfirhy
    91 | Abyss:2  | Noticed an orange demon
    94 | Abyss:2  | Killed an orange demon
    94 | Abyss:2  | Noticed an orange demon
    95 | Abyss:2  | Reached skill level 5 in Fighting
    95 | Abyss:2  | Reached skill level 4 in Armour
    95 | Abyss:2  | Reached skill level 4 in Invocations
    95 | Abyss:2  | Reached XP level 7. HP: 13/44 MP: 4/10
    96 | D:1      | You pass through the gate.
    96 | D:1      | Escaped the Abyss
    98 | D:1      | HP: 9/44 [sixfirhy[a cacodemon] (4)]
    98 | D:1      | HP: 1/44 [sixfirhy[a cacodemon] (5)]
    98 | D:1      | Slain by a sixfirhy

Vanquished Creatures
  A smoke demon (Abyss:2)
  An orange demon (Abyss:2)
  A small abomination (Abyss:2)
3 creatures vanquished.

Table legend:
 A = Non-vault XP
 B = Vault XP
 C = Vault XP percentage of total XP
 D = Non-vault monster count
 E = Vault monster count
 F = Vault count percentage of total count
                 A         B        C        D         E       F
            +---------+---------+-------+---------+---------+-------
      Total |     901 |       0 |   0.0 |       3 |       0 |   0.0
            +---------+---------+-------+---------+---------+-------
    Abyss:2 |     901 |       0 |   0.0 |       3 |       0 |   0.0
            +---------+---------+-------+---------+---------+-------

Illustrated notes

Table legend:
 A = Kills in this place as a percentage of kills in entire the game.
 B = Kills by you in this place as a percentage of kills by you in the entire game.
 C = Kills by friends in this place as a percentage of kills by friends in the entire game.
 D = Other kills in this place as a percentage of other kills in the entire game.
 E = Experience gained in this place as a percentage of experience gained in the entire game.
 F = Experience gained in this place divided by the number of levels of this place that you have seen.
                   A       B       C       D       E      F
               +-------+-------+-------+-------+-------+----------------------
         Total | 100.0 | 100.0 |   N/A |   N/A | 100.0 | 300.3
         Abyss | 100.0 | 100.0 |   N/A |   N/A | 100.0 | 450.5
               +-------+-------+-------+-------+-------+----------------------

Table legend: (Time is in decaauts)
 A = Elapsed time spent in this place.
 B = Non-inter-level travel time spent in this place.
 C = Inter-level travel time spent in this place.
 D = Time resting spent in this place.
 E = Time spent auto-exploring this place.
 F = Levels seen in this place.
 G = Mean time per level.
                   A        B        C        D        E       F      G
               +--------+--------+--------+--------+--------+-----+--------+
         Total |     97 |     97 |      0 |      0 |     27 |   3 |   32.3 |
       Dungeon |      1 |      1 |      0 |      0 |      0 |   1 |    1.0 |
         Abyss |     95 |     95 |      0 |      0 |     27 |   2 |   47.5 |
               +--------+--------+--------+--------+--------+-----+--------+

Top non-repeatable levels by time:
 Abyss:2: 74 daAuts
 Abyss:1: 21 daAuts
     D:1: 1 daAuts
